 Dungeon Crawl Stone Soup version 0.27-a0-413-g4a2567b (webtiles) character file.

Game seed: 10395242908161599995

114818 GeorgeSoros the Protected (level 16, 0/190 HPs)
             Began as a Gnoll Wanderer on Feb 21, 2021.
             Was the Champion of Qazlal.
             Slain by a ghoul (13 damage)
             ... on level 1 of the Swamp on Feb 24, 2021.
             The game lasted 01:51:20 (34753 turns).

GeorgeSoros the Protected (Gnoll Wanderer)         Turns: 34753, Time: 01:51:21

Health: 0/190      AC: 25    Str: 19    XL:     16   Next: 67%
Magic:  30/30      EV: 15    Int: 15    God:    Qazlal [******]
Gold:   1650       SH:  8    Dex: 19    Spells: 14/36 levels left

rFire    . . .     SeeInvis .   a - +6 war axe of Jenneugu {freeze, Will++ Int+2 Dex+3}
rCold    . . .     Faith    .   (no shield)
rNeg     . . .     Spirit   .   Y - +3 chain mail {Will+}
rPois    .         Reflect  .   v - +1 helmet
rElec    .         Harm     .   D - +1 cloak
rCorr    .         Rampage  .   (no gloves)
Will     ++++.                  U - +0 pair of boots {Stlth+}
Stlth    ..........             V - amulet of the acrobat
HPRegen  0.41/turn              y - +6 ring of strength
MPRegen  0.22/turn              n - +4 ring of slaying

@: berserking, protected from physical damage, repel missiles, very quick
A: distributed training, fangs 1, strong nose
a: Renounce Religion, Upheaval, Elemental Force, Disaster Area


You were on level 1 of the Swamp.
You worshipped Qazlal.
Qazlal was exalted by your worship.
You visited 5 branches of the dungeon, and saw 25 of its levels.
You also visited: Ice Cave and Volcano.

You collected 2588 gold pieces.
You spent 938 gold pieces at shops.

Inventory:

Hand Weapons
 a - the +6 war axe of Jenneugu (weapon) {freeze, Will++ Int+2 Dex+3}
   (You found it on level 9 of the Dungeon)

   It has been specially enchanted to freeze those struck by it, causing extra
   injury to most foes and up to half again as much damage against particularly
   susceptible opponents.
   It can also slow down cold-blooded creatures.
   It affects your intelligence (+2).
   It affects your dexterity (+3).
   It affects your willpower, your defense against some magical effects.
 b - a +3 scimitar of flaming
 t - the +9 eveningstar "Qetob" {antimagic, Dex+2 SInv}
   (You took it off an orc knight on level 1 of the Orcish Mines)

   It reduces the magical energy of the wielder, and disrupts the spells and
   magical abilities of those hit.
   Natural abilities and divine invocations are not affected.
   It affects your dexterity (+2).
   It lets you see invisible.
 w - a +2 quick blade of freezing
 P - the +8 falchion of Yredelemnul's Approval {speed, +Fly rPois rC++ Stlth+}
   (You found it on level 3 of the Lair of Beasts)

   Attacks with this weapon are significantly faster.
   It greatly protects you from cold.
   It protects you from poison.
   It lets you fly.
   It makes you more stealthy.
Armour
 v - a +1 helmet (worn)
 D - a +1 cloak (worn)
 N - a +4 scale mail of fire resistance
 U - a +0 pair of boots of stealth (worn)
 Y - a +3 chain mail of willpower (worn)
Jewellery
 e - a +6 ring of strength
 f - a ring of poison resistance
 l - the amulet of Hoikk {RegenMP *Corrode rF+ Dex+6}
   (You bought it in a shop on level 10 of the Dungeon)

   [amulet of magic regeneration]

   It increases your magic regeneration.
   It affects your dexterity (+6).
   It protects you from fire.
   It may corrode you when you take damage.
 n - a +4 ring of slaying (right hand)
 y - a +6 ring of strength (left hand)
 L - a ring of protection from fire
 O - a +4 ring of evasion
 V - an amulet of the acrobat (around neck)
Wands
 c - a wand of iceblast (10)
 d - a wand of flame (54)
 p - a wand of digging (3)
 u - a wand of random effects (36)
 A - a wand of polymorph (37)
 F - a wand of paralysis (19)
 J - a wand of charming (17)
 S - a wand of acid (20)
Scrolls
 h - 6 scrolls of teleportation
 r - 2 scrolls of enchant armour
 x - 2 scrolls of enchant weapon
 B - 2 scrolls of amnesia
 H - 10 scrolls of identify
 R - 3 scrolls of fog
 T - 2 scrolls of immolation
 Z - a scroll of summoning
Potions
 g - 10 potions of curing
 i - 4 potions of magic
 j - 2 potions of ambrosia
 k - a potion of cancellation
 m - 5 potions of lignification
 o - 5 potions of flight
 q - 4 potions of attraction
 s - a potion of might
 C - 2 potions of mutation
 E - 3 potions of brilliance
 I - a potion of berserk rage
 M - 3 potions of resistance
 W - a potion of invisibility
 X - a potion of haste


   Skills:
 + Level 11.7 Fighting
 + Level 10.9 Short Blades
 + Level 10.9 Long Blades
 + Level 10.9 Axes
 + Level 11.7 Maces & Flails
 + Level 10.9 Polearms
 + Level 10.9 Staves
 + Level 10.9 Slings
 + Level 10.9 Bows
 + Level 10.9 Crossbows
 + Level 11.2 Throwing
 + Level 13.3 Armour
 + Level 10.9 Dodging
 + Level 10.9 Stealth
 + Level 11.2 Shields
 + Level 10.9 Unarmed Combat
 + Level 10.9 Spellcasting
 + Level 9.2 Conjurations
 + Level 9.2 Hexes
 + Level 9.2 Summonings
 + Level 9.2 Necromancy
 + Level 9.2 Translocations
 + Level 9.2 Transmutations
 + Level 9.2 Fire Magic
 + Level 9.2 Ice Magic
 + Level 9.2 Air Magic
 + Level 9.2 Earth Magic
 + Level 9.2 Poison Magic
 + Level 11.8 Invocations
 + Level 10.9 Evocations


You had 14 spell levels left.
You knew the following spells:

 Your Spells              Type           Power        Failure   Level
a - Stone Arrow           Conj/Erth      72%          3%          3
b - Petrify               Tmut/Erth      36%          12%         4
c - Lee's Rapid Deconstr  Erth           18%          34%         5
d - Iron Shot             Conj/Erth      18%          88%         6
e - Manifold Assault      Tloc           36%          12%         4

Your spell library contained the following spells:

 Spells                   Type           Power        Failure   Level
 Apportation              Tloc           72%          1%          1
 Sandblast                Erth           72%          1%          1
 Shock                    Conj/Air       100%         1%          1
 Sting                    Tmut/Pois      100%         1%          1
 Passwall                 Tmut/Erth      30%          1%          2
 Poisonous Vapours        Pois/Air       72%          1%          2
 Swiftness                Air            36%          1%          2
 Call Canine Familiar     Summ           36%          3%          3
 Ignite Poison            Fire/Tmut/Pois 36%          3%          3
 Lesser Beckoning         Tloc           18%          3%          3
 Mephitic Cloud           Conj/Pois/Air  36%          3%          3
 Static Discharge         Conj/Air       36%          3%          3
 Airstrike                Air            18%          12%         4
 Hailstorm                Conj/Ice       36%          12%         4
 Olgreb's Toxic Radiance  Pois           36%          12%         4
 Summon Ice Beast         Ice/Summ       36%          12%         4
 Borgnjor's Vile Clutch   Necr/Erth      18%          34%         5
 Fireball                 Conj/Fire      18%          34%         5
 Lightning Bolt           Conj/Air       18%          34%         5
 Summon Forest            Summ/Tloc      18%          34%         5
 Eringya's Noxious Bog    Tmut/Pois      18%          88%         6
 Simulacrum               Ice/Necr       18%          88%         6
 Starburst                Conj/Fire      18%          88%         6
 Malign Gateway           Summ/Tloc      18%          100%        7
 Summon Hydra             Summ           18%          100%        7
 Ignition                 Fire           18%          100%        8


Dungeon Overview and Level Annotations

Branches:
Dungeon (14/15)            Temple (1/1) D:6            Lair (6/6) D:8
  Swamp (2/4) Lair:4        Snake (0/4) Lair:2        Slime (0/5) Lair:6
    Orc (2/2) D:11            Elf (0/3) Orc:2         IceCv (visited)
Volcano (visited)
 Vaults: D:13-14

Altars:
Ashenzari
Cheibriados
Dithmenos
Elyvilon
Fedhas
Gozag
Hepliaklqana
Kikubaaqudgha
Makhleb
Nemelex Xobeh
Okawaru
Qazlal
Ru
Sif Muna
Trog
Uskayaw
Vehumet
Wu Jian
Xom
Yredelemnul
Zin
The Shining One
Beogh
Jiyva

Shops:
D:8 !   D:10 =   Orc:2 ([*:

Annotations:
Lair:4 exclusion: 2 oklob plants


Innate Abilities, Weirdness & Mutations

Your experience applies equally to all skills.
You have very sharp teeth.
Your uncanny sense of smell can sniff out nearby items.


Message History

The ghoul is lightly damaged.
You hit the ghoul. You freeze the ghoul. You slash the ghoul!
The ghoul claws you but does no damage. The ghoul claws you.
* * * LOW HITPOINT WARNING * * *
You block the ghoul's attack. The ghoul claws you but does no damage.
The ghoul claws you!
* * * LOW HITPOINT WARNING * * *
You feel more protected from physical attacks.
The ghoul claws you but does no damage.
You slash the ghoul! You freeze the ghoul.
The ghoul is moderately damaged.
You barely miss the ghoul. You slash the ghoul! You freeze the ghoul.
The ghoul claws you but does no damage. The ghoul closely misses you.
You block the ghoul's attack. The ghoul claws you.
* * * LOW HITPOINT WARNING * * *
You feel more protected from physical attacks.
The ghoul claws you but does no damage. You block the ghoul's attack.
You enter the shallow water.
Moving in this stuff is going to be slow.
The ghoul is struck by lightning.
You see here a ghoul skeleton.
The ghoul completely misses you.
The ghoul splashes around in the water. x3
The ghoul is engulfed in freezing vapours.
Okay, then.
A red film seems to cover your vision as you go berserk!
You feel yourself moving faster!
You feel mighty!
The ghoul is engulfed in freezing vapours.
The ghoul splashes around in the water. x2
You slice the ghoul!! You freeze the ghoul. Your bite misses the ghoul.
The ghoul is heavily damaged.
You slash the ghoul! You freeze the ghoul. The ghoul claws you!
* * * LOW HITPOINT WARNING * * *
You feel more protected from physical attacks.
The ghoul claws you but does no damage.
You slice the ghoul!! You freeze the ghoul.
The ghoul is heavily damaged.
You slash the ghoul! You freeze the ghoul.
The ghoul is engulfed in freezing vapours.
The ghoul claws you!
You die...

♣♣.§.♣♣♣♣♣.≈..♣.P.≈≈
♣♣.≈≈♣♣...♣≈♣♣♣..P≈.
♣♣.§§.>.≈≈§..♣♣♣♣....
♣.≈≈≈...≈≈≈.)..≈.....
♣.....§÷....≈≈≈≈♣♣...
♣≈...≈.>..≈§§≈.♣♣.≈..
♣♣☼.≈≈○≈.≈≈≈.≈♣♣♣≈≈≈≈
♣.≈nnn..≈§≈.≈....≈≈.
♣♣..@°≈...≈≈...≈≈...♣
♣.≈§°°≈..≈≈≈≈.≈≈≈...♣
♣.≈☼≈≈°.≈≈≈≈≈≈≈≈≈≈≈.♣
♣.≈≈≈≈≈..≈≈§≈≈≈≈≈≈..♣
♣♣...≈≈≈≈≈≈.≈≈≈≈..≈.≈
♣♣.≈≈≈.≈..≈≈≈≈≈.....
♣♣.≈≈≈....§≈≈≈≈..≈≈≈
♣♣(.≈§≈§....≈≈≈...≈≈.
♣..≈.≈≈........♣♣♣♣♣.


You could see 3 ghouls.

Vanquished Creatures
  Jorgrun (Orc:2)
  Rupert (Lair:5)
  A ghoul (Swamp:1)
  An orc warlord (Orc:1)
  The ghost of Jetashru the Severer, a journeyman DrTm of Makhleb (Orc:1)
  A stone giant (Volcano)
  A reaper (IceCv)
  The ghost of arb the Nimble, a journeyman GnMo of Cheibriados (Lair:4)
  A bunyip (Lair:4)
  An eleionoma (Swamp:1)
  Snorg (Lair:5)
  2 boulder beetles
  A ghost crab (Swamp:1)
  Erica (D:8)
  12 hydras
  An ogre mage (Orc:2)
  4 catoblepae
  Harold (D:9)
  A centaur warrior (D:14)
  3 alligators
  7 two-headed ogres
  4 orc high priests
  A goliath frog (Swamp:1)
  An unseen horror (D:14)
  4 bog bodies
  2 swamp dragons
  Pikel (D:6)
  2 deep elf pyromancers (D:14)
  5 orc knights (Orc:1)
  4 orc sorcerers
  A manticore (D:14)
  A cyclops (D:14)
  3 will-o-the-wisps
  2 moths of wrath (Orc:1)
  5 elephants (Lair:6)
  Joseph (D:10)
  2 ice statues (IceCv)
  3 black mambas
  2 gargoyles
  A torpor snail (Lair:3)
  26 cane toads
  8 komodo dragons
  5 rime drakes
  3 efreet
  6 ice devils (IceCv)
  9 trolls
  9 tyrant leeches
  2 polar bears (Lair:6)
  4 hornets
  26 blink frogs
  3 spriggans
  12 wyverns
  A wraith (D:14)
  4 fire elementals (Volcano)
  43 yaks
  6 basilisks
  Menkaure (D:5)
  7 vampire mosquitoes
  2 wargs (Orc:2)
  3 swamp worms (Swamp:1)
  4 nagas (Lair:2)
  16 water moccasins
  2 hell hounds (Lair:2)
  A swamp drake (Swamp:1)
  An eye of draining (D:10)
  5 sky beasts
  An ice beast (D:9)
  35 orc warriors
  6 black bears
  12 ogres
  2 necrophages
  22 wolves
  4 centaurs
  5 phantoms
  A kobold brigand (D:9)
  29 bullfrogs
  A gnoll sergeant (D:9)
  A wyvern zombie (D:6)
  An earth elemental (Volcano)
  16 killer bees
  6 scorpions
  A water moccasin skeleton (D:10)
  8 wights
  2 electric eels (Lair:6)
  A howler monkey (D:4)
  A bullfrog zombie (D:7)
  A quasit (D:10)
  7 hounds
  A jelly (D:8)
  2 gnoll shamans (D:5)
  13 orc priests
  4 centaur skeletons
  Crazy Yiuf (D:6)
  6 iguanas
  12 orc wizards
  Ijyb (D:5)
  15 worker ants
  A killer bee zombie (D:8)
  A hound skeleton (D:7)
  3 worker ant zombies
  38 gnolls
  12 adders
  4 shadow imps
  11 white imps
  8 ufetubi
  2 oozes (D:1)
  An adder zombie (D:6)
  5 worms
  2 dart slugs
  3 leopard geckos
  82 orcs
  5 bats
  5 giant cockroaches
  12 hobgoblins
  23 jackals
  4 quokkas
  3 ball pythons
  A frilled lizard (D:2)
  12 goblins
  13 kobolds
  A leopard gecko skeleton (D:4)
  A quokka skeleton (D:8)
  A quokka zombie (D:6)
  6 rats
776 creatures vanquished.

Vanquished Creatures (collateral kills)
  Sonja (Lair:5)
  A lindwurm (Lair:5)
  A basilisk (Lair:2)
  A water moccasin (Lair:5)
4 creatures vanquished.

Vanquished Creatures (others)
  An alligator (Swamp:2)
  A goliath frog (Swamp:2)
  A spriggan druid (Swamp:2)
  3 bloated husks (Swamp:2)
  A tyrant leech (Swamp:1)
  A swamp drake (Swamp:2)
  6 white imps (IceCv)
  3 ufetubi (IceCv)
  2 orcs
  17 foxfires
  59 fungi
  135 plants
230 creatures vanquished.

Grand Total: 1010 creatures vanquished

Notes
Turn   | Place    | Note
-------+----------+-------------------------------------------
     0 | D:1      | GeorgeSoros the Gnoll Wanderer began the quest for the Orb.
     0 | D:1      | GeorgeSoros set off with the following items: a +0 hand
                  | crossbow, a +2 scale mail, 26 bolts, a +0 mace
     0 | D:1      | Reached XP level 1. HP: 20/20 MP: 1/1
    78 | D:1      | Reached XP level 2. HP: 5/26 MP: 2/2
   673 | D:1      | Reached XP level 3. HP: 31/31 MP: 3/3
  1117 | D:1      | Reached skill level 1 in Invocations
  1540 | D:2      | Reached skill level 1 in Short Blades
  1540 | D:2      | Reached skill level 1 in Long Blades
  1540 | D:2      | Reached skill level 1 in Axes
  1540 | D:2      | Reached skill level 1 in Polearms
  1540 | D:2      | Reached skill level 1 in Staves
  1540 | D:2      | Reached skill level 1 in Slings
  1540 | D:2      | Reached skill level 1 in Bows
  1540 | D:2      | Reached skill level 1 in Crossbows
  1540 | D:2      | Reached skill level 1 in Dodging
  1540 | D:2      | Reached skill level 1 in Stealth
  1540 | D:2      | Reached skill level 1 in Unarmed Combat
  1540 | D:2      | Reached skill level 1 in Spellcasting
  1540 | D:2      | Reached skill level 1 in Evocations
  1611 | D:2      | Reached XP level 4. HP: 37/38 MP: 5/5
  1941 | D:2      | Reached skill level 1 in Conjurations
  1941 | D:2      | Reached skill level 1 in Hexes
  1941 | D:2      | Reached skill level 1 in Summonings
  1941 | D:2      | Reached skill level 1 in Necromancy
  1941 | D:2      | Reached skill level 1 in Translocations
  1941 | D:2      | Reached skill level 1 in Transmutations
  1941 | D:2      | Reached skill level 1 in Fire Magic
  1941 | D:2      | Reached skill level 1 in Ice Magic
  1941 | D:2      | Reached skill level 1 in Air Magic
  1941 | D:2      | Reached skill level 1 in Earth Magic
  1941 | D:2      | Reached skill level 1 in Poison Magic
  2467 | D:3      | Reached XP level 5. HP: 42/43 MP: 6/6
  2732 | D:3      | Noticed an ogre
  2755 | D:3      | Killed an ogre
  2756 | D:3      | Reached XP level 6. HP: 23/50 MP: 8/8
  3510 | D:4      | Reached skill level 5 in Fighting
  3510 | D:4      | Reached skill level 5 in Maces & Flails
  4236 | D:5      | Entered Level 5 of the Dungeon
  4398 | D:4      | Reached XP level 7. HP: 55/56 MP: 10/10
  4411 | D:5      | Noticed Menkaure
  5032 | D:5      | Found a sacrificial altar of Ru.
  5050 | D:5      | Reached skill level 9 in Armour
  5078 | D:5      | Killed Menkaure
  5508 | D:5      | Reached XP level 8. HP: 52/63 MP: 12/12
  6121 | D:5      | Noticed Ijyb
  6145 | D:5      | Killed Ijyb
  6915 | D:6      | Found a staircase to the Ecumenical Temple.
  6922 | Temple   | Entered the Ecumenical Temple
  6999 | Temple   | Became a worshipper of Qazlal Stormbringer
  7103 | D:6      | Noticed Pikel
  7111 | D:6      | Reached XP level 9. HP: 69/69 MP: 14/14
  7124 | D:6      | Killed Pikel
  7145 | D:6      | HP: 3/69 [wyvern zombie (12)]
  7536 | D:6      | Reached skill level 5 in Throwing
  7536 | D:6      | Reached skill level 5 in Shields
  8229 | D:6      | Reached * piety under Qazlal
  8277 | D:6      | Reached skill level 5 in Invocations
  8723 | D:6      | Found a runed translucent door.
  8724 | D:6      | Noticed Crazy Yiuf
  8736 | D:6      | Killed Crazy Yiuf
  9145 | D:7      | Reached XP level 10. HP: 70/77 MP: 17/17
  9400 | D:7      | Reached skill level 5 in Short Blades
  9400 | D:7      | Reached skill level 5 in Long Blades
  9400 | D:7      | Reached skill level 5 in Axes
  9400 | D:7      | Reached skill level 5 in Polearms
  9400 | D:7      | Reached skill level 5 in Staves
  9400 | D:7      | Reached skill level 5 in Slings
  9400 | D:7      | Reached skill level 5 in Bows
  9400 | D:7      | Reached skill level 5 in Crossbows
  9400 | D:7      | Reached skill level 5 in Dodging
  9400 | D:7      | Reached skill level 5 in Stealth
  9400 | D:7      | Reached skill level 5 in Unarmed Combat
  9400 | D:7      | Reached skill level 5 in Spellcasting
  9400 | D:7      | Reached skill level 5 in Evocations
  9419 | D:7      | Reached skill level 10 in Armour
  9517 | D:7      | Reached ** piety under Qazlal
 10346 | D:8      | Found a staircase to the Lair.
 10461 | D:8      | Found Coptibb's Distillery.
 10491 | D:8      | Bought a potion of heal wounds for 65 gold pieces
 11020 | D:9      | Reached XP level 11. HP: 76/83 MP: 19/19
 11379 | D:9      | Reached *** piety under Qazlal
 11630 | D:9      | Reached skill level 5 in Conjurations
 11630 | D:9      | Reached skill level 5 in Hexes
 11630 | D:9      | Reached skill level 5 in Summonings
 11630 | D:9      | Reached skill level 5 in Necromancy
 11630 | D:9      | Reached skill level 5 in Translocations
 11630 | D:9      | Reached skill level 5 in Transmutations
 11630 | D:9      | Reached skill level 5 in Fire Magic
 11630 | D:9      | Reached skill level 5 in Ice Magic
 11630 | D:9      | Reached skill level 5 in Air Magic
 11630 | D:9      | Reached skill level 5 in Earth Magic
 11630 | D:9      | Reached skill level 5 in Poison Magic
 11838 | D:9      | Noticed Harold
 11839 | D:9      | Noticed Erica
 12201 | D:8      | Killed Erica
 12792 | D:9      | Killed Harold
 12913 | D:9      | Got a steaming war axe
 12914 | D:9      | Identified the +6 war axe of Jenneugu {freeze, Will++ Int+2
                  | Dex+3} (You found it on level 9 of the Dungeon)
 13006 | D:9      | Found a shadowy altar of Dithmenos.
 13152 | Lair:1   | Entered Level 1 of the Lair of Beasts
 13318 | Lair:1   | Learned a level 3 spell: Stone Arrow
 13686 | Lair:1   | Got a bronze leather armour
 13697 | Lair:1   | Identified the +1 leather armour of Fedhas's Envy {Regen+}
                  | (You found it on level 1 of the Lair of Beasts)
 14289 | D:10     | Entered Level 10 of the Dungeon
 14424 | Lair:2   | Found a dark tunnel.
 14435 | Lair:2   | Reached XP level 12. HP: 75/93 MP: 22/22
 14438 | Volcano  | Entered a volcano
 14585 | Volcano  | Reached skill level 11 in Armour
 14585 | Volcano  | Reached XP level 13. HP: 44/100 MP: 22/24
 14600 | Volcano  | Noticed a stone giant
 14647 | Volcano  | Killed a stone giant
 15450 | Lair:2   | Learned a level 4 spell: Petrify
 15456 | Lair:2   | Learned a level 5 spell: Lee's Rapid Deconstruction
 15697 | Lair:2   | Found a staircase to the Snake Pit.
 17274 | Lair:3   | Got a translucent falchion
 17275 | Lair:3   | Identified the +8 falchion of Yredelemnul's Approval
                  | {speed, +Fly rPois rC++ Stlth+} (You found it on level 3 of
                  | the Lair of Beasts)
 17521 | Lair:3   | Reached **** piety under Qazlal
 18068 | Lair:4   | Found a runed translucent gate.
 18069 | Lair:4   | Found a runed translucent gate.
 18091 | Lair:4   | Noticed arb's ghost (journeyman GnMo)
 18276 | Lair:4   | Found a staircase to the Swamp.
 18277 | Lair:4   | Found a runed translucent gate.
 18546 | Lair:4   | Identified a scroll of acquirement
 18546 | Lair:4   | Acquired the Volume of the Earthen Traveller
 18555 | Lair:4   | Learned a level 6 spell: Iron Shot
 19281 | Lair:5   | Noticed Rupert
 19304 | Lair:5   | Killed Rupert
 19565 | Lair:5   | You fall into a shaft and drop 1 floor!
 19565 | Lair:6   | Entered Level 6 of the Lair of Beasts
 19853 | Lair:6   | Reached XP level 14. HP: 104/109 MP: 26/26
 20183 | Lair:6   | Reached skill level 10 in Fighting
 20183 | Lair:6   | Reached skill level 10 in Maces & Flails
 20183 | Lair:6   | Reached skill level 12 in Armour
 20514 | Lair:6   | Upgraded the game from 0.27-a0-401-gea03ee8 to
                  | 0.27-a0-412-g8dd771e
 20514 | Lair:6   | Upgraded the game from 0.27-a0-412-g8dd771e to
                  | 0.27-a0-413-g4a2567b
 20944 | Lair:5   | Identified the Tome of Calling and the Frostbite
 21010 | Lair:5   | Reached skill level 10 in Invocations
 21418 | Lair:5   | Noticed Sonja
 21420 | Lair:5   | Noticed Snorg
 21424 | Lair:5   | Killed Sonja
 21428 | Lair:5   | Killed Snorg
 22246 | Lair:6   | Reached ***** piety under Qazlal
 22586 | Lair:6   | Found a viscous altar of Jiyva.
 22595 | Lair:6   | Found a staircase to the Slime Pits.
 22651 | Lair:6   | Reached XP level 15. HP: 117/117 MP: 28/28
 23340 | D:10     | Noticed Joseph
 23348 | D:10     | Killed Joseph
 23455 | D:10     | Found Agoronk's Jewellery Boutique.
 23464 | D:10     | Bought the amulet of Hoikk {RegenMP *Corrode rF+ Dex+6} for
                  | 663 gold pieces
 23488 | D:10     | Reached skill level 10 in Throwing
 23488 | D:10     | Reached skill level 10 in Shields
 24668 | D:11     | Found a roughly hewn altar of Beogh.
 24668 | D:11     | Found a staircase to the Orcish Mines.
 24960 | D:11     | You fall into a shaft and drop 3 floors!
 25003 | D:14     | Found a frozen archway.
 25012 | IceCv    | Entered an ice cave
 25139 | IceCv    | Reached ****** piety under Qazlal
 25878 | D:14     | Reached skill level 10 in Short Blades
 25878 | D:14     | Reached skill level 10 in Long Blades
 25878 | D:14     | Reached skill level 10 in Axes
 25878 | D:14     | Reached skill level 10 in Polearms
 25878 | D:14     | Reached skill level 10 in Staves
 25878 | D:14     | Reached skill level 10 in Slings
 25878 | D:14     | Reached skill level 10 in Bows
 25878 | D:14     | Reached skill level 10 in Crossbows
 25878 | D:14     | Reached skill level 10 in Dodging
 25878 | D:14     | Reached skill level 10 in Stealth
 25878 | D:14     | Reached skill level 10 in Unarmed Combat
 25878 | D:14     | Reached skill level 10 in Spellcasting
 25878 | D:14     | Reached skill level 10 in Evocations
 26142 | D:14     | Learned a level 4 spell: Manifold Assault
 26354 | D:13     | Found an opulent altar of Gozag.
 26407 | Orc:1    | Entered Level 1 of the Orcish Mines
 27071 | Orc:1    | Found a transporter.
 27075 | Orc:1    | Identified the +9 eveningstar "Qetob" {antimagic, Dex+2
                  | SInv}
 27077 | Orc:1    | Found a bloodstained altar of Trog.
 27088 | Orc:1    | Noticed Jetashru's ghost (journeyman DrTm)
 27168 | Orc:1    | Found a transporter.
 27864 | Orc:2    | Entered Level 2 of the Orcish Mines
 27866 | Orc:2    | Noticed an orc warlord
 27991 | Orc:1    | Identified the Guide on Cankerous Calling
 28000 | Orc:1    | Killed Jetashru's ghost
 29271 | Orc:1    | HP: 3/119 [orc knight/+0 war axe (23)]
 29273 | Orc:1    | Reached skill level 13 in Armour
 29687 | Orc:1    | Reached XP level 16. HP: 96/125 MP: 30/30
 30322 | Orc:2    | Found Vunemeul's Antique Weapon Emporium.
 30687 | Orc:2    | Found a staircase to the Elven Halls.
 30778 | Orc:2    | Found Onguc's General Store.
 30804 | Orc:2    | Noticed Jorgrun
 30828 | Orc:2    | Killed Jorgrun
 30936 | Orc:2    | Found Wufuggoest's Book Shop.
 31001 | Orc:2    | Found Jocliuch's Antique Armour Shoppe.
 31028 | Orc:2    | Bought a glowing chain mail for 210 gold pieces
 31491 | Swamp:1  | Entered Level 1 of the Swamp
 31561 | Lair:4   | Killed arb's ghost
 34753 | Swamp:1  | Slain by a ghoul

Illustrated notes

Levels and vault maps discovered:
D:1:      ebering_trefoil_3fold, layout_basic, minmay_pentomino_s2
D:2:      layout_basic
D:3:      layout_rooms
D:4:      layout_loops_ring
D:5:      lemuel_castle_with_subvaults [lemuel_castle_interior_carwin_2],
          layout_cave_pools, nicolae_ru_great_annihilating_truth, uniq_menkaure,
          uniq_ijyb
D:6:      minmay_inner_zag, layout_layer_cave, minmay_temple_entry_nine_rooms,
          minmay_pentangle, uniq_crazy_yiuf_cottage, uniq_pikel
D:7:      layout_cave_pools
D:8:      layout_rooms, minmay_lair_entry_grove, serial_shops,
          nicolae_shop_statue_plus
D:9:      layout_basic, nicolae_overflow_hidden_temple, minmay_joined_circles,
          uniq_harold, uniq_erica
D:10:     layout_irregular_city, serial_shops, nicolae_shop_stone,
          kennysheep_small_circle, uniq_joseph
D:11:     layout_rooms, david_orc_5
D:12:     layout_roguey, uniq_fannar
D:13:     minmay_the_grid_triangle_9x9_rhombus_thin
          [minmay_the_grid_triangle_9x9_steps,
          minmay_the_grid_triangle_9x9_prize_special,
          minmay_the_grid_triangle_9x9_sparse_checkered,
          minmay_the_grid_triangle_9x9_checkered], layout_cave_pods,
          erik_vaults_1, serial_shops, nicolae_shop_behind_doors,
          gammafunk_ghost_necromancy,
          nicolae_gozag_cash_rules_everything_around_me
D:14:     kennysheep_room_grid, layout_irregular_city, enter_bailey_3,
          minivault_24, portal_ice_cave_entry_pillars_2, skrybe_limestone_x
Temple:   compressed_dpeg_triangle_lava_temple
Lair:1:   layout_regular_city, grunt_megastairs_1
Lair:2:   layout_long_grid, minmay_snake_entry_guardpost_small, enter_volcano_3,
          grunt_megastairs_3, serial_bayou_shore_a
Lair:3:   layout_concentric_octagons
Lair:4:   layout_regular_city, minmay_swamp_entry_wisps, gammafunk_ghost_split,
          lemuel_fruit_tree, minmay_lair_oklob_chamber
Lair:5:   layout_roguey, uniq_sonja, uniq_rupert, uniq_snorg
Lair:6:   minmay_lair_end_frog_pond, layout_misc_corridors, slime_altar_1,
          hibernation_bobbens, infiniplex_staircase_pool, serial_bayou_shore_b,
          serial_bayou_shore_b
Swamp:1:  layout_basic_swamp, evilmike_swamp_ruin_house_1, swamp_pool3,
          nicolae_swamp_fairy_circle
Swamp:2:  layout_basic_swamp, evilmike_swamp_ruin_house_6, swamp_pool3
Orc:1:    layout_caves, gammafunk_ghost_wrathful_warriors
Orc:2:    grunt_orc_gardens, layout_caves, grunt_orc_garden, grunt_orc_garden,
          grunt_orc_garden, grunt_orc_garden, lightli_orcish_oven, uniq_jorgrun

Skill      XL: |  1  2  3  4  5  6  7  8  9 10 11 12 13 14 15 16 |
---------------+-------------------------------------------------+-----
Invocations    | 1 2 3 4 5 6 7 8 9 10 11 | 11.8
Short Blades   | 1 2 3 4 5 6 7 8 9 10 | 10.9
Long Blades    | 1 2 3 4 5 6 7 8 9 10 | 10.9
Axes           | 1 2 3 4 5 6 7 8 9 10 | 10.9
Polearms       | 1 2 3 4 5 6 7 8 9 10 | 10.9
Staves         | 1 2 3 4 5 6 7 8 9 10 | 10.9
Slings         | 1 2 3 4 5 6 7 8 9 10 | 10.9
Bows           | 1 2 3 4 5 6 7 8 9 10 | 10.9
Crossbows      | 1 2 3 4 5 6 7 8 9 10 | 10.9
Dodging        | 1 2 3 4 5 6 7 8 9 10 | 10.9
Stealth        | 1 2 3 4 5 6 7 8 9 10 | 10.9
Unarmed Combat | 1 2 3 4 5 6 7 8 9 10 | 10.9
Spellcasting   | 1 2 3 4 5 6 7 8 9 10 | 10.9
Evocations     | 1 2 3 4 5 6 7 8 9 10 | 10.9
Conjurations   | 1 2 3 4 5 6 7 8 9 |  9.2
Hexes          | 1 2 3 4 5 6 7 8 9 |  9.2
Summonings     | 1 2 3 4 5 6 7 8 9 |  9.2
Necromancy     | 1 2 3 4 5 6 7 8 9 |  9.2
Translocations | 1 2 3 4 5 6 7 8 9 |  9.2
Transmutations | 1 2 3 4 5 6 7 8 9 |  9.2
Fire Magic     | 1 2 3 4 5 6 7 8 9 |  9.2
Ice Magic      | 1 2 3 4 5 6 7 8 9 |  9.2
Air Magic      | 1 2 3 4 5 6 7 8 9 |  9.2
Earth Magic    | 1 2 3 4 5 6 7 8 9 |  9.2
Poison Magic   | 1 2 3 4 5 6 7 8 9 |  9.2
Throwing       | 3 4 5 6 7 8 9 10 11 | 11.2
Shields        | 3 4 5 6 7 8 9 10 11 | 11.2
Fighting       | 5 6 7 8 9 10 11 | 11.7
Maces & Flails | 5 6 7 8 9 10 11 | 11.7
Armour         | 9 10 11 12 13 | 13.3

Action                   |  1- 3 |  4- 6 |  7- 9 | 10-12 | 13-15 | 16-18 || total
-------------------------+-------+-------+-------+-------+-------+-------++-------
Melee: Mace              |   126 |   157 |   233 |       |       |       ||   516
       Bite              |     6 |    21 |    85 |    83 |   171 |    63 ||   429
       Short sword       |       |    58 |   306 |   530 |       |       ||   894
       Punch             |       |       |    12 |    19 |    56 |    25 ||   112
       War axe           |       |       |       |    72 |   887 |   191 ||  1150
       Scimitar          |       |       |       |    24 |   116 |    33 ||   173
       Falchion          |       |       |       |       |    21 |    61 ||    82
       Eveningstar       |       |       |       |       |       |    20 ||    20
 Fire: Hunting sling     |       |       |     6 |       |       |       ||     6
 Cast: Stone Arrow       |       |       |       |    16 |    41 |     1 ||    58
       Manifold Assault  |       |       |       |       |     3 |       ||     3
Invok: Upheaval          |       |       |       |     3 |     4 |       ||     7
       Elemental Force   |       |       |       |       |     2 |       ||     2
       Disaster Area     |       |       |       |       |     2 |       ||     2
 Abil: Evoke Flight      |       |       |       |       |     1 |       ||     1
Evoke: Wand              |       |       |       |     1 |     6 |     1 ||     8
  Use: Scroll            |     5 |     6 |     5 |     6 |    13 |     1 ||    36
       Potion            |       |       |     1 |     4 |     4 |     5 ||    14
 Stab: Invisible         |       |       |     2 |       |       |       ||     2
       Paralysed         |       |       |     1 |       |       |       ||     1
       Sleeping          |       |       |     1 |       |       |       ||     1
       Distracted        |       |       |       |       |     1 |       ||     1
       Petrified         |       |       |       |       |     6 |       ||     6
       Petrifying        |       |       |       |       |     3 |       ||     3
Armor: Scale mail        |    61 |   121 |   305 |   290 |   311 |    25 ||  1113
       Chain mail        |       |       |       |       |       |   133 ||   133
Dodge: Dodged            |    60 |   100 |   366 |   355 |   746 |   206 ||  1833
       Repelled          |       |       |       |       |     9 |     3 ||    12
Block: Other             |       |       |     3 |    86 |   265 |   113 ||   467
       Rpst.: Scimitar   |       |       |       |     2 |    21 |     3 ||    26
       Falchion          |       |       |       |       |       |     7 ||     7

Table legend: (Time is in decaauts)
 A = Elapsed time spent in this place.
 B = Non-inter-level travel time spent in this place.
 C = Inter-level travel time spent in this place.
 D = Time resting spent in this place.
 E = Time spent auto-exploring this place.
 F = Levels seen in this place.
 G = Mean time per level.
                   A        B        C        D        E       F      G
               +--------+--------+--------+--------+--------+-----+--------+
         Total |  34853 |  33032 |   1821 |   8035 |  18472 |  27 | 1290.9 |
       Dungeon |  16399 |  15401 |    998 |   3240 |   8681 |  14 | 1171.4 |
        Temple |     92 |     78 |     14 |      0 |     69 |   1 |   92.0 |
          Lair |  10276 |   9780 |    496 |    865 |   7366 |   6 | 1712.7 |
         Swamp |   2447 |   2358 |     89 |   1380 |    605 |   2 | 1223.5 |
  Orcish Mines |   4313 |   4090 |    223 |   2151 |   1250 |   2 | 2156.5 |
      Ice Cave |    691 |    691 |      0 |    253 |    160 |   1 |  691.0 |
       Volcano |    632 |    632 |      0 |    146 |    340 |   1 |  632.0 |
               +--------+--------+--------+--------+--------+-----+--------+

Top non-repeatable levels by time:
   Orc:1: 3376 daAuts
  Lair:6: 2498 daAuts
     D:6: 2348 daAuts
 Swamp:1: 2320 daAuts
  Lair:4: 2131 daAuts
     D:5: 1948 daAuts
     D:8: 1793 daAuts
  Lair:2: 1732 daAuts
     D:1: 1544 daAuts
     D:4: 1437 daAuts
    D:11: 1429 daAuts
  Lair:5: 1410 daAuts
     D:9: 1398 daAuts
  Lair:3: 1355 daAuts
  Lair:1: 1148 daAuts
